Map: Honorgrounds LE

Players

PengWin

  • Race: Zerg Zerg
  • Spawn Location: 7:00

xKawaiian - Winner!

  • Race: Terran Terran
  • Spawn Location: 11:00

Event: WCS Austin 2017

VOD

Have the link to the VOD?

Description

Time

  • Played on: April 28, 2017, 2:07 p.m.
  • Length: 13:53

All games in this series

Show
View Real Time Build Order
Export as new Build Order

PengWin Zerg 

Build Orders: Pool First 

Get SALT Encoding   

  12  0:00  Drone  
  13  0:12  Overlord  
  13  0:18  Drone  
  14  0:30  Drone  
  14  0:31  Drone  
  14  0:35  Drone  
  17  0:38  Extractor  
  16  0:45  Drone  
  17  0:52  Spawning Pool  
  17  0:56  Drone  
  17  1:19  Hatchery  
  17  1:22  Drone  
  17  1:30  Drone  
  18  1:38  Queen  
  20  1:45  Metabolic Boost  
  20  1:51  Overlord  
  20  1:57  Drone  
  20  1:59  Zergling x2  
  22  2:12  Drone  
  23  2:15  Queen  
  25  2:28  Zergling x2  
  25  2:29  Zergling x2  
  27  2:30  Queen  
  29  2:39  Drone  
  29  2:42  Drone x2  
  32  2:50  Drone x3  
  35  2:57  Overlord  
  35  3:07  Hatchery  
  34  3:27  Drone x3  
  34  3:28  Drone x5  
  42  3:36  Evolution Chamber  
  42  3:39  Evolution Chamber  
  41  3:48  Drone x3  
  41  3:49  Drone, Overlord  
  44  4:01  Zerg Ground Armor Level 1  
  44  4:07  Queen, Zerg Melee Weapons Level 1  
  44  4:08  Zergling x2  
  44  4:09  Zergling x2  
  48  4:15  Overlord  
  48  4:16  Zergling x6  
  51  4:25  Queen  
  53  4:31  Zergling x6  
  53  4:32  Zergling x4  
  60  4:55  Lair  
  60  4:56  Extractor  
  60  4:57  Queen  
  60  4:59  Drone x3, Extractor  
  61  5:00  Drone x3, Extractor  
  61  5:01  Drone x3  
  61  5:06  Overlord, Baneling Nest  
  62  5:35  Drone  
  62  5:36  Drone x3  
  62  5:40  Overlord x4  
  65  6:04  Baneling x4  
  65  6:05  Baneling x3  
  65  6:07  Zergling x14  
  65  6:08  Zergling x10  
  75  6:23  Zergling x2  
  75  6:24  Zergling x18  
  74  6:36  Zerg Ground Armor Level 2, Zerg Melee Weapons Level 2  
  74  6:38  Spire  
  73  6:42  Drone x4  
  76  7:02  Zergling x12  
  82  7:11  Overlord x2  
  82  7:12  Overlord x2  
  82  7:13  Centrifical Hooks  
  82  7:15  Baneling x7  
  81  7:16  Baneling x2  
  77  7:31  Overseer x2  
  77  7:35  Zergling x2  
  77  7:36  Zergling x18  
  69  7:45  Zergling x2  
  69  7:46  Zergling x6  
  63  7:55  Baneling x6  
  63  7:57  Zergling x2  
  63  7:58  Zergling x6  
  63  8:05  Zergling x2  
  53  8:14  Zergling x2  
  53  8:15  Zergling x14  
  52  8:27  Zergling x6  
  49  8:37  Zergling x8  
  49  8:38  Zergling x4  
  49  8:39  Baneling x6  
  52  8:51  Zergling x2  
  52  8:52  Zergling x4  
  52  8:55  Queen  
  55  9:07  Zergling x6  
  53  9:39  Hatchery  
  53  9:40  Zergling x6, Extractor  
  53  9:41  Zergling x6, Extractor  
  53  9:43  Queen  
  58  9:57  Baneling x8  
  58  9:59  Baneling  
  58  10:00  Baneling  
  58  10:05  Zergling x8  
  62  10:10  Baneling  
  49  10:49  Extractor  
  46  10:50  Zergling x20, Extractor  
  46  10:56  Baneling x2  
  46  10:57  Baneling x3  
  55  11:01  Queen  
  55  11:02  Queen, Hatchery  
  58  11:10  Drone  
  58  11:11  Drone x6  
  55  11:44  Zergling x2  
  55  11:45  Zergling x12  
  62  11:51  Baneling x7  
  62  11:52  Baneling x6  
  55  12:15  Zergling x12  
  59  12:20  Queen  
  59  12:22  Queen  
  65  12:32  Zergling x16  
  73  12:44  Baneling x6  
  73  12:45  Baneling x2  
  61  13:13  Corruptor x4  
  61  13:18  Drone  
  70  13:23  Zergling x8  
Show
View Real Time Build Order
Export as new Build Order

xKawaiian Terran - Winner!

Build Orders: Reaper Expand, MMM Bio 

Get SALT Encoding   

  12  0:00  SCV  
  13  0:13  SCV  
  14  0:19  Supply Depot  
  14  0:25  SCV  
  15  0:41  SCV  
  16  0:43  Barracks  
  16  0:46  Refinery  
  16  0:53  SCV  
  17  1:05  SCV  
  18  1:17  SCV  
  19  1:30  Orbital Command  
  19  1:31  Reaper  
  20  1:46  Command Center  
  20  1:57  SCV  
  21  2:03  Barracks  
  21  2:04  Barracks Reactor  
  21  2:10  Refinery  
  21  2:13  SCV  
  22  2:26  SCV  
  23  2:30  Factory  
  23  2:35  Supply Depot  
  23  2:51  Barracks Tech Lab  
  23  2:57  Marine x2, SCV  
  23  2:58  Orbital Command  
  26  3:11  Marine  
  26  3:12  Stimpack  
  28  3:16  Starport  
  27  3:20  SCV  
  27  3:22  Factory Reactor  
  27  3:27  Marine x2  
  27  3:29  SCV  
  27  3:33  Marine  
  31  3:39  SCV  
  31  3:40  Bunker  
  32  3:43  SCV  
  32  3:45  Marine  
  34  3:51  SCV  
  34  3:52  Supply Depot  
  34  3:53  Marine  
  36  4:00  SCV  
  36  4:01  Marine  
  38  4:03  Medivac  
  38  4:05  Widow Mine  
  38  4:08  Medivac  
  44  4:12  SCV  
  44  4:15  SCV  
  46  4:18  Marine x2  
  46  4:22  Marine  
  49  4:24  SCV  
  49  4:27  SCV  
  49  4:28  Supply Depot  
  51  4:36  SCV  
  52  4:43  Marine  
  52  4:44  Marine  
  54  4:48  Marine  
  54  4:50  Hellion x2  
  54  4:52  Medivac  
  61  4:55  Armory  
  61  4:57  Barracks  
  61  4:59  SCV  
  61  5:00  SCV  
  61  5:05  Supply Depot  
  62  5:13  Combat Shields  
  62  5:21  Marine x2  
  62  5:22  SCV  
  62  5:26  Marine  
  62  5:27  Hellion x2, SCV  
  68  5:31  Supply Depot  
  68  5:32  Supply Depot  
  68  5:34  SCV  
  69  5:40  Medivac, Marine  
  69  5:41  Marine  
  73  5:43  Marine  
  73  5:44  Marine  
  73  5:49  Supply Depot  
  73  5:58  Marine x2  
  73  6:00  Hellion x2  
  73  6:01  Marine  
  73  6:03  Supply Depot  
  80  6:05  SCV x2  
  80  6:10  Marine  
  82  6:12  Medivac  
  82  6:16  Marine  
  72  6:32  Marine x3  
  68  6:34  Hellion x2, Marine  
  73  6:41  Supply Depot  
  73  6:42  Supply Depot, Medivac  
  75  6:47  Supply Depot  
  75  6:50  Marine x3  
  75  6:52  Marine  
  79  7:05  Hellion x2  
  79  7:07  Marine x2  
  79  7:08  Marine  
  86  7:09  Marine  
  87  7:23  Medivac  
  87  7:25  Marine x3  
  92  7:30  Hellion, Marine  
  92  7:31  Hellion  
  97  7:43  Marine x3  
  86  7:47  Marine  
  86  7:56  SCV  
  86  7:57  SCV  
  88  7:59  Refinery x2  
  88  8:00  Command Center  
  88  8:01  Marine x3  
  88  8:02  Barracks  
  88  8:04  Engineering Bay  
  88  8:05  Barracks, Engineering Bay  
  89  8:09  Marine  
  89  8:10  Hellion  
  82  8:19  Marine x3  
  82  8:22  Widow Mine, Starport Reactor  
  82  8:24  SCV x2  
  85  8:31  Widow Mine  
  85  8:35  Marine  
  85  8:36  Marine  
  85  8:39  Marine  
  89  8:42  Barracks Reactor  
  86  8:52  Marine x2  
  86  8:53  Marine  
  85  9:04  Medivac x2  
  85  9:06  Marine  
  85  9:07  Widow Mine x2, Marine  
  92  9:16  Marine  
  75  9:17  Barracks Reactor x2  
  75  9:22  SCV x2  
  75  9:24  Marine x4  
  75  9:28  Missile Turret  
  75  9:29  Missile Turret  
  75  9:30  Missile Turret  
  77  9:32  Terran Infantry Armor Level 1, Terran Infantry Weapons Level 1  
  77  9:34  Marine  
  77  9:37  Missile Turret  
  78  9:42  Marine x2, Planetary Fortress  
  78  9:44  SCV  
  81  9:47  Marine  
  81  9:50  Marine  
  81  9:52  Widow Mine, Marine  
  84  9:53  Widow Mine  
  84  9:56  Marine x2  
  84  9:59  SCV  
  91  10:01  Marine x2  
  91  10:02  Medivac  
  91  10:05  Medivac  
  97  10:08  Marine x2  
  97  10:09  Marine  
  97  10:13  Marine x2  
  97  10:14  Marine x2  
  102  10:20  Marine x2  
  102  10:21  Widow Mine  
  106  10:22  Widow Mine  
  106  10:29  Marine x2  
  106  10:31  Marauder  
  110  10:42  Marine x2  
  96  10:45  Marine  
  96  10:47  Medivac x2  
  96  10:48  SCV x3  
  96  10:49  Widow Mine  
  100  10:50  Widow Mine  
  100  10:53  Marine x2  
  106  10:59  Supply Depot  
  106  11:00  SCV x3  
  106  11:02  Supply Depot  
  109  11:06  Marine x2  
  109  11:09  Command Center  
  109  11:10  Marine  
  112  11:18  Widow Mine  
  112  11:19  Marine  
  112  11:21  Medivac x2  
  100  11:33  Liberator x2  
  100  11:35  Widow Mine, Marine x2  
  100  11:37  SCV  
  100  11:46  Widow Mine  
  100  11:47  Marine  
  100  11:48  Marine x4  
  113  11:56  Marauder, Marine x2  
  113  11:58  SCV x2  
  119  12:04  Marine  
  118  12:11  Marine  
  118  12:13  Marine  
  118  12:14  Marine  
  119  12:16  Widow Mine x2, Liberator  
  119  12:17  Marauder  
  119  12:21  Planetary Fortress  
  125  12:23  Missile Turret, SCV  
  125  12:27  Marine x2  
  125  12:28  Marine x2  
  130  12:34  Barracks  
  130  12:36  Barracks, Marine  
  130  12:37  Marine  
  134  12:39  Marauder  
  137  12:44  Marine x2  
  137  12:45  Marine  
  132  12:53  Marine x3  
  132  12:55  Marine x2  
  135  13:00  Marauder  
  135  13:02  Marine  
  131  13:08  Marine x2  
  131  13:11  Marine x2, SCV x2  
  131  13:12  SCV x2  
  132  13:15  Marine x2  
  132  13:18  Marine  
  135  13:20  Marine  
  135  13:22  Marauder  
  135  13:23  Marine, SCV  
  135  13:24  SCV  
  135  13:25  Marine x2  
  127  13:43  Barracks Reactor  
  127  13:44  Barracks Reactor  
Tags
 
Add a new tag
Caveats
  • Supply blocks, unpowered buildings, or Contaminate may cause inaccurate times.
  • Supply counts are checked every 10 seconds.